 Dungeon Sprint DCSS version 0.15-a0-1828-g04ddf54 (webtiles) character file.

12678 BluebellGnoll the Ogre Mage (level 11, -40/123 HPs)
             Began as an Ogre Air Elementalist on July 2, 2014.
             Was the Champion of Vehumet.
             Annihilated by an ettin (illusionary)
             ... wielding a +0 dire flail
              (43 damage)
             ... in the Dungeon (Sprint IX: "|||||||||||||||||||||||||||||").
             The game lasted 00:36:15 (3283 turns).

BluebellGnoll the Ogre Mage (Ogre Air Elementalist) Turns: 3283, Time: 00:36:16

HP -40/123       AC  8     Str 15      XL: 11   Next: 97%
MP  24/34        EV 15     Int 19 (20) God: Vehumet [******]
Gold 275         SH  0     Dex 10      Spells:  7 memorised, 17 levels left

rFire  . . .     SeeInvis .     C - +1 mace (crush)
rCold  + + .     Clarity  .     u - +2 robe {rC+}
rNeg   . . .     rCorr    .     (shield restricted)
rPois  .         rRot     .     (helmet restricted)
rElec  .         Spirit   .     f - +2 cloak
SustAb .         Warding  .     (gloves unavailable)
rMut   .         NoTele   +     (boots unavailable)
Gourm  .                        (no amulet)
MR     +....                    r - +3 ring of intelligence
                                N - ring of protection from cold

@: repel missiles, somewhat resistant to hostile enchantments, very unstealthy
A: unfitting armour, tough skin 1
a: Renounce Religion


You were in the Dungeon.
You worshipped Vehumet.
Vehumet was exalted by your worship.
You were very hungry.

You visited 1 branch You collected 1912 gold pieces.
You spent 1637 gold pieces at shops.

Inventory:

Hand weapons
 j - a +1 great mace of draining
 C - a +1 mace of crushing (weapon)
Missiles
 A - 6 large rocks (quivered)
Armour
 f - a +2 cloak (worn)
 u - a +2 robe of cold resistance (worn)
 D - a +2 robe of the Archmagi
 E - a +0 hat
Magical devices
 n - a wand of draining (3)
 y - a wand of enslavement (9)
 G - a wand of fire (10)
Comestibles
 c - 13 meat rations
 o - a rotting chunk of orc flesh
 w - 36 fruits
 z - 12 bread rations
 I - a rotting chunk of wolf flesh
 J - a rotting chunk of gnoll flesh
Scrolls
 a - 2 scrolls of identify
 i - 2 scrolls of blinking
 l - 4 scrolls of remove curse
 m - 2 scrolls of amnesia
 v - 4 scrolls of enchant armour
 x - 2 scrolls of fear
 P - a scroll of recharging
Jewellery
 q - a +3 ring of dexterity
 r - a +3 ring of intelligence (right hand)
 K - an uncursed ring of protection from magic
 L - a +5 ring of intelligence
 M - an uncursed ring of fire
 N - a ring of protection from cold (left hand)
Potions
 d - 10 potions of curing
 e - 7 potions of heal wounds
 g - 3 potions of magic
 h - 3 potions of might
 k - a potion of invisibility
 s - a potion of cure mutation
 t - 2 potions of resistance
 B - 2 potions of haste
 O - a potion of berserk rage
Books
 b - a book of Air

   Spells                             Type                      Level
   *Shock                             Conjuration/Air              1
   *Swiftness                         Charms/Air                   2
   *Repel Missiles                    Charms/Air                   2
   Flight                             Charms/Air                   3
   Static Discharge                   Conjuration/Air              3
   *Lightning Bolt                    Conjuration/Air              5
Magical staves
 p - an uncursed staff of energy
Miscellaneous
 F - a phial of floods
 H - a plain deck of destruction


   Skills:
 - Level 12.2 Fighting
 - Level 14.1 Maces & Flails
 - Level 6.6 Throwing
 - Level 13.8 Dodging
 - Level 1.5 Stealth
 - Level 15.6 Spellcasting
 - Level 10.5 Conjurations
 - Level 2.1 Air Magic


You had 17 spell levels left.
You knew the following spells:

 Your Spells              Type           Power        Failure   Level  Hunger
a - Shock                 Conj/Air       ####         1%          1    None
b - Repel Missiles        Chrm/Air       ###...       4%          2    None
c - Swiftness             Chrm/Air       ###.....     4%          2    None
d - Lightning Bolt        Conj/Air       #####.....   3%          5    ##.....
e - Sticky Flame          Conj/Fire      ####....     1%          4    None
f - Force Lance           Conj           ######..     1%          5    ##.....
g - Bolt of Magma         Conj/Fire/Erth ####......   10%         5    ##.....


Dungeon Overview and Level Annotations

Branches:
Dungeon (1/1)

Altars:
Cheibriados
Dithmenos
Elyvilon
Fedhas
Gozag
Kikubaaqudgha
Makhleb
Nemelex Xobeh
Okawaru
Qazlal
Sif Muna
Trog
Vehumet
Xom
Yredelemnul
Zin
The Shining One
Beogh
Jiyva
Lugonu

Shops:
D }[[!


Innate Abilities, Weirdness & Mutations

You are too large for most types of armour.
You have tough skin (AC +1).


Message History

An ettin opens the door.
It is wielding a dire flail and a great mace.
You close the door.
An ettin opens the door.
You close the door.
An ettin opens the door.
You close the door.
An ettin opens the door.
You close the door.
An ettin opens the door.
As you close the door, it creaks loudly!
An ettin opens the door.
There's a creature in the doorway!
Casting: Lightning Bolt
Confirm with . or Enter, or press ? or * to list all spells.
Aiming: Sticky Flame
Press: ? - help, Shift-Dir - straight line, f - ettin, p - ettin
Aim: an ettin, wielding a dire flail and a great mace (moderately wounded)
The sticky flame hits the ettin.
The ettin is moderately wounded.
The ettin is covered in liquid flames!
The ettin burns!
The ettin hits you with a dire flail!!!
* * * LOW HITPOINT WARNING * * *
The ettin hits you with a great mace!!!
You die...

▓.▓.▓.▓.▓.▓C▓
▓.▓.▓.▓.▓.▓C▓
▓'▓.▓'▓.▓.▓)▓
▓.▓.▓.▓.▓.▓%▓
▓.▓.▓.▓.▓C▓C▓
▓[▓.▓[▓.▓.▓.▓
▓.▓.▓[▓.▓C▓C▓
▓.▓.▓[▓)▓C▓.▓
▓.▓.▓[▓.▓@▓.▓
▓'▓.▓.▓.▓.▓.▓
▓%▓.▓.▓.▓.▓.▓
▓.▓.▓'▓.▓.▓R▓
▓.▓.▓)▓.▓.▓.▓
▓.▓.▓.▓.▓∩▓.▓
▓)▓.▓(▓.▓.▓.▓
▓.▓.▓(▓.▓∩▓.▓
▓%▓.▓.▓.▓.▓.▓.▓


You could see 3 ettins.

Vanquished Creatures
  2 stone giants (D)
  Josephine (D)
  A hydra (D)
  A lindwurm (D)
  9 orc knights (D)
  A griffon (D)
  Maurice (D)
  A spiny frog (D)
  A komodo dragon (D)
  A polar bear (D)
  An ugly thing (D)
  A deep elf mage (D)
  2 wyverns (D)
  A yak (D)
  Grum (D)
  4 wolves (D)
  2 black bears (D)
  13 orc warriors (D)
  A centaur (D)
  2 crocodiles (D)
  A water moccasin (D)
  A boring beetle (D)
  4 brain worms (D)
  A scorpion (D)
  2 hounds (D)
  An orc wizard (D)
  5 orc priests (D)
  An iguana (D)
  2 sheep (D)
  5 giant frogs (D)
  2 adders (D)
  3 worms (D)
  A giant gecko (D)
  9 orcs (D)
  3 green rats (D)
  4 hobgoblins (D)
  A jackal (D)
  A kobold (D)
  A giant cockroach (D)
  A goblin skeleton (D)
  2 hobgoblin skeletons (D)
  A hobgoblin zombie (D)
  A kobold skeleton (D)
  A kobold zombie (D)
  2 rats (D)
  A rat skeleton (D)
104 creatures vanquished.

Vanquished Creatures (collateral kills)
  An orc knight (D)
1 creature vanquished.

Vanquished Creatures (others)
  A tengu conjurer (D)
1 creature vanquished.

Grand Total: 106 creatures vanquished

Notes
Turn   | Place    | Note
--------------------------------------------------------------
     0 | D        | BluebellGnoll, the Ogre Air Elementalist, began the quest for the Orb.
     0 | D        | Reached XP level 1. HP: 16/16 MP: 3/3
     6 | D        | Reached skill level 3 in Spellcasting
     8 | D        | Reached skill level 4 in Spellcasting
   177 | D        | Reached skill level 1 in Maces & Flails
   177 | D        | Reached XP level 2. HP: 18/24 MP: 1/7
   219 | D        | Learned a level 2 spell: Repel Missiles
   223 | D        | Learned a level 2 spell: Swiftness
   272 | D        | Found a glowing silver altar of Zin.
   272 | D        | Found a glowing golden altar of the Shining One.
   272 | D        | Found an ancient bone altar of Kikubaaqudgha.
   272 | D        | Found a basalt altar of Yredelemnul.
   272 | D        | Found a shimmering altar of Xom.
   272 | D        | Found a radiant altar of Vehumet.
   272 | D        | Found an iron altar of Okawaru.
   273 | D        | Found a burning altar of Makhleb.
   274 | D        | Found a deep blue altar of Sif Muna.
   275 | D        | Found a bloodstained altar of Trog.
   276 | D        | Found a sparkling altar of Nemelex Xobeh.
   277 | D        | Found a white marble altar of Elyvilon.
   278 | D        | Found a roughly hewn altar of Beogh.
   279 | D        | Found a viscous altar of Jiyva.
   280 | D        | Found a corrupted altar of Lugonu.
   282 | D        | Became a worshipper of Vehumet
   316 | D        | Found a blossoming altar of Fedhas.
   317 | D        | Found a snail-covered altar of Cheibriados.
   318 | D        | Found a shadowy altar of Dithmenos.
   319 | D        | Found a stormy altar of Qazlal.
   320 | D        | Found an opulent altar of Gozag.
   352 | D        | Noticed an orc priest
   352 | D        | Noticed a black bear
   352 | D        | Noticed a centaur
   352 | D        | Noticed a hound
   352 | D        | Noticed a yak
   362 | D        | Killed a yak
   362 | D        | Reached skill level 12 in Maces & Flails
   362 | D        | Reached XP level 3. HP: 29/31 MP: 3/9
   362 | D        | Reached XP level 4. HP: 36/39 MP: 3/11
   362 | D        | Reached XP level 5. HP: 41/45 MP: 3/13
   363 | D        | Killed a hound
   363 | D        | Acquired Vehumet's first power
   363 | D        | Offered knowledge of Sandblast by Vehumet.
   363 | D        | Reached skill level 5 in Fighting
   366 | D        | Killed a centaur
   366 | D        | Reached XP level 6. HP: 47/75 MP: 4/15
   368 | D        | Killed a black bear
   370 | D        | Killed an orc priest
   630 | D        | Noticed a scorpion
   630 | D        | Noticed a black bear
   630 | D        | Noticed a giant frog
   630 | D        | Noticed an eight-headed hydra
   630 | D        | Noticed a giant frog
   633 | D        | Killed a giant frog
   633 | D        | Offered knowledge of Magic Dart by Vehumet.
   633 | D        | Killed a black bear
   633 | D        | Reached XP level 7. HP: 81/91 MP: 17/17
   634 | D        | Killed a giant frog
   634 | D        | Reached skill level 5 in Dodging
   636 | D        | Killed a scorpion
   636 | D        | Acquired Vehumet's second power
   637 | D        | Killed an eight-headed hydra
   637 | D        | Reached skill level 10 in Dodging
   637 | D        | Reached XP level 8. HP: 86/98 MP: 18/18
   644 | D        | Learned a level 5 spell: Lightning Bolt
   775 | D        | Noticed a spiny frog
   775 | D        | Noticed a giant frog
   775 | D        | Noticed an iguana
   775 | D        | Noticed a water moccasin
   776 | D        | Killed an iguana
   776 | D        | Reached skill level 1 in Conjurations
   777 | D        | Killed a giant frog
   777 | D        | Acquired Vehumet's third power
   778 | D        | Noticed a hound
   779 | D        | Noticed a crocodile
   779 | D        | Killed a water moccasin
   786 | D        | Killed a hound
   789 | D        | HP: 1/98 [spiny frog (15)]
   794 | D        | Killed a spiny frog
   794 | D        | Reached skill level 5 in Conjurations
   794 | D        | Reached XP level 9. HP: 22/106 MP: 14/20
   803 | D        | Killed a crocodile
  1125 | D        | Noticed a komodo dragon
  1125 | D        | Noticed a boring beetle
  1125 | D        | Noticed a griffon
  1125 | D        | Noticed a polar bear
  1129 | D        | Offered knowledge of Searing Ray by Vehumet.
  1134 | D        | Noticed a crocodile
  1142 | D        | Killed a polar bear
  1144 | D        | Killed a crocodile
  1145 | D        | Killed a boring beetle
  1145 | D        | Killed a komodo dragon
  1146 | D        | Killed a griffon
  1384 | D        | Noticed a brain worm
  1384 | D        | Noticed a lindwurm
  1384 | D        | Noticed a brain worm
  1384 | D        | Noticed a brain worm
  1386 | D        | Offered knowledge of Sticky Flame by Vehumet.
  1386 | D        | Killed a brain worm
  1387 | D        | Killed a brain worm
  1387 | D        | Reached skill level 5 in Spellcasting
  1387 | D        | Reached skill level 10 in Conjurations
  1389 | D        | Killed a lindwurm
  1389 | D        | Reached XP level 10. HP: 83/115 MP: 6/24
  1390 | D        | Noticed a brain worm
  1403 | D        | Killed a brain worm
  1406 | D        | Killed a brain worm
  1453 | D        | Learned a level 4 spell: Sticky Flame
  1521 | D        | Noticed Josephine
  1524 | D        | Offered knowledge of Throw Icicle by Vehumet.
  1543 | D        | Killed Josephine
  1543 | D        | Reached skill level 13 in Maces & Flails
  1593 | D        | Noticed Maurice
  1603 | D        | Killed Maurice
  1603 | D        | Reached skill level 14 in Maces & Flails
  1720 | D        | Noticed an orc priest
  1720 | D        | Noticed a stone giant
  1720 | D        | Noticed an orc priest
  1721 | D        | Offered knowledge of Iskenderun's Battlesphere by Vehumet.
  1721 | D        | Killed an orc priest
  1723 | D        | Killed an orc priest
  1729 | D        | Noticed an orc warrior
  1733 | D        | Killed a stone giant
  1734 | D        | Killed an orc warrior
  1735 | D        | Noticed an orc priest
  1742 | D        | Noticed an orc priest
  1744 | D        | Killed an orc priest
  1752 | D        | Killed an orc priest
  2006 | D        | Noticed an orc knight
  2006 | D        | Noticed an orc warrior
  2006 | D        | Noticed an orc warrior
  2006 | D        | Noticed an orc warrior
  2006 | D        | Noticed an orc warrior
  2006 | D        | Noticed an orc warrior
  2011 | D        | Killed an orc warrior
  2012 | D        | Offered knowledge of Freezing Cloud by Vehumet.
  2013 | D        | Noticed an orc warrior
  2016 | D        | Killed an orc warrior
  2018 | D        | Killed an orc warrior
  2018 | D        | Killed an orc warrior
  2022 | D        | Killed an orc warrior
  2026 | D        | Killed an orc knight
  2026 | D        | Reached XP level 11. HP: 110/123 MP: 13/32
  2027 | D        | Killed an orc warrior
  2028 | D        | Noticed an orc warrior
  2029 | D        | Noticed a stone giant
  2031 | D        | Noticed an orc knight
  2034 | D        | Killed an orc warrior
  2038 | D        | Killed a stone giant
  2038 | D        | Reached skill level 15 in Spellcasting
  2044 | D        | Noticed an orc wizard
  2045 | D        | Killed an orc knight
  2054 | D        | Killed an orc wizard
  2219 | D        | Found Shogump's Distillery.
  2219 | D        | Noticed an orc knight
  2219 | D        | Noticed an orc knight
  2219 | D        | Noticed an orc warrior
  2219 | D        | Noticed an orc knight
  2219 | D        | Noticed an orc knight
  2219 | D        | Noticed an orc knight
  2222 | D        | Noticed an orc warrior
  2229 | D        | Killed an orc knight
  2229 | D        | Killed an orc knight
  2229 | D        | Offered knowledge of Force Lance by Vehumet.
  2230 | D        | Killed an orc knight
  2230 | D        | Killed an orc knight
  2231 | D        | Noticed an orc knight
  2233 | D        | Noticed an orc knight
  2233 | D        | Killed an orc warrior
  2247 | D        | an orc knight (ally) was killed
  2256 | D        | Noticed an orc knight
  2259 | D        | Killed an orc knight
  2262 | D        | an orc knight (ally) was killed
  2264 | D        | Noticed an orc warrior
  2267 | D        | Noticed an orc warrior
  2270 | D        | Killed an orc warrior
  2271 | D        | Killed an orc warrior
  2313 | D        | Killed an orc knight
  2340 | D        | Killed an orc warrior
  2813 | D        | Learned a level 5 spell: Force Lance
  2856 | D        | Noticed an orc warrior
  2863 | D        | Killed an orc warrior
  2874 | D        | Found Mniptool's Armour Shop.
  2877 | D        | Found Hato Dutz's Armour Boutique.
  2881 | D        | Found Ruoveadd's Gadget Shop.
  2899 | D        | Bought a potion of curing for 22 gold pieces
  2899 | D        | Bought a potion of curing for 22 gold pieces
  2899 | D        | Bought a potion of resistance for 77 gold pieces
  2899 | D        | Bought a potion of heal wounds for 33 gold pieces
  2899 | D        | Bought a potion of haste for 77 gold pieces
  2899 | D        | Bought a potion of curing for 22 gold pieces
  2899 | D        | Bought a potion of curing for 22 gold pieces
  2902 | D        | Bought a +2 robe of the Archmagi for 490 gold pieces
  2902 | D        | Bought a +0 hat for 52 gold pieces
  2907 | D        | Bought a phial of floods for 400 gold pieces
  2907 | D        | Bought a wand of fire (10) for 280 gold pieces
  2907 | D        | Bought a plain deck of destruction for 140 gold pieces
  2923 | D        | Noticed a wolf
  2924 | D        | Noticed a wolf
  2925 | D        | Noticed Grum
  2928 | D        | Noticed a wolf
  2931 | D        | Killed a wolf
  2931 | D        | Reached skill level 1 in Throwing
  2932 | D        | Killed a wolf
  2932 | D        | Offered knowledge of Bolt of Magma by Vehumet.
  2933 | D        | Noticed a wolf
  2934 | D        | Killed Grum
  2940 | D        | Killed a wolf
  2946 | D        | Killed a wolf
  3118 | D        | Learned a level 5 spell: Bolt of Magma
  3118 | D        | Noticed a tengu conjurer
  3118 | D        | Noticed a deep elf mage
  3118 | D        | Noticed a cyan ugly thing
  3118 | D        | Noticed a wyvern
  3118 | D        | Noticed a wyvern
  3119 | D        | Killed a wyvern
  3119 | D        | Reached skill level 5 in Throwing
  3120 | D        | Killed a deep elf mage
  3121 | D        | Noticed a giant frog
  3121 | D        | Killed a wyvern
  3122 | D        | Noticed an ettin
  3131 | D        | Noticed a rakshasa
  3133 | D        | Killed a tengu conjurer
  3135 | D        | Killed a cyan ugly thing
  3225 | D        | Killed a giant frog
  3229 | D        | Killed a giant frog
  3229 | D        | Offered knowledge of Orb of Destruction by Vehumet.
  3283 | D        | HP: 3/123 [ettin (illusionary)/dire flail (39)]
  3283 | D        | Annihilated by an ettin (illusionary)

Action                   |  1- 3 |  4- 6 |  7- 9 | 10-12 || total
-------------------------+-------+-------+-------+-------++-------
Melee: Unarmed           |     4 |       |       |       ||     4
       Morningstar       |     2 |     6 |    22 |    48 ||    78
       Mace              |       |       |       |    52 ||    52
Throw: Large rock        |       |       |       |     5 ||     5
 Cast: Shock             |    13 |       |    15 |    19 ||    47
       Repel Missiles    |     1 |       |       |       ||     1
       Swiftness         |     1 |       |       |       ||     1
       Lightning Bolt    |       |       |     8 |    43 ||    51
       Sticky Flame      |       |       |       |     7 ||     7
Evoke: Wand              |       |     1 |     7 |     6 ||    14
  Use: Potion            |     2 |     1 |     2 |     1 ||     6
       Scroll            |       |       |     1 |       ||     1
